 Dungeon Crawl Stone Soup version 0.28.0-43-g3370ac3207 (webtiles) character file.

Game seed: 3226873266172265327

3488 pkoi the Charlatan (level 9, -10/71 (73) HPs)
             Began as a Demigod Artificer on Mar 30, 2022.
             Mangled by a polar bear (24 damage)
             ... on level 8 of the Dungeon.
             The game lasted 00:16:22 (12908 turns).

pkoi the Charlatan (Demigod Artificer)             Turns: 12908, Time: 00:16:23

HP:   -10/71 (73)   AC:  3    Str: 17    XL:     9   Next: 50%
MP:   26/26         EV: 14    Int: 23    God:
Gold: 389           SH:  0    Dex: 18    Spells: 2/15 levels left

rFire   . . .      SeeInvis .   r - +3 quarterstaff (spect)
rCold   . . .      Faith    .   (shield currently unavailable)
rNeg    . . .      Spirit   .   H - +1 robe of Kleptomania {Slay+3}
rPois   .          Reflect  .   (no helmet)
rElec   .          Harm     .   (no cloak)
rCorr   .          Rampage  .   (no gloves)
Will    .....                   (no boots)
Stlth   ++........              z - amulet of the acrobat
HPRegen 0.21/turn               j - +6 ring of intelligence
MPRegen 0.20/turn               l - ring of magical power

@: lightly drained
A: high MP 1, forlorn, divine attributes
a: no special abilities


You were on level 8 of the Dungeon.
You visited 2 branches of the dungeon, and saw 9 of its levels.
You also visited: Ossuary.

You collected 389 gold pieces.

Inventory:

Hand Weapons
 a - a +0 club
 f - a +0 dagger
 m - a +1 dagger of freezing
 q - a +2 dagger of venom
 r - a +3 spectral quarterstaff (weapon)
Missiles
 t - 4 poisoned darts
Armour
 b - a +1 leather armour
 y - a +0 ring mail of cold resistance
 H - the +1 robe of Kleptomania (worn) {Slay+3}
   (You found it on level 7 of the Dungeon)

   Slay:      It affects your accuracy & damage with ranged weapons and melee
   (+3).
Jewellery
 g - a ring of fire
 j - a +6 ring of intelligence (left hand)
 l - a ring of magical power (right hand)
 z - an amulet of the acrobat (around neck)
Wands
 c - a wand of flame (34) (quivered)
 d - a wand of charming (15)
 E - a wand of polymorph (9)
 G - a wand of acid (13)
Scrolls
 h - 5 scrolls of teleportation
 u - a scroll of brand weapon
 v - a scroll of enchant armour
 w - a scroll of fear
 x - a scroll of summoning
 B - 2 scrolls of blinking
 D - a scroll of magic mapping {unknown}
 F - 3 scrolls of identify
Potions
 i - a potion of lignification
 k - 4 potions of curing
 n - 3 potions of haste
 o - 4 potions of heal wounds
 p - 3 potions of invisibility
 s - 2 potions of flight
 A - 2 potions of brilliance
 C - a potion of berserk rage
Miscellaneous
 e - a piece from Xom's chessboard (15/15)


   Skills:
 + Level 4.8 Fighting
 - Level 1.7 Armour
 + Level 4.9 Dodging
 - Level 0.8 Stealth
 + Level 4.7 Unarmed Combat
 + Level 3.5 Spellcasting
 - Level 3.0 Conjurations
 - Level 3.0 Hexes
 - Level 3.0 Translocations
 + Level 1.7 Air Magic
 * Level 6.7 Evocations


You had 2 spell levels left.
You knew the following spells:

 Your Spells              Type           Power      Damage    Failure   Level
a - Apportation           Tloc           34%        N/A       3%          1
b - Magic Dart            Conj           68%        1d6       3%          1
c - Fulminant Prism       Conj/Hex       8%         3d7       32%         4
d - Swiftness             Air            12%        N/A       16%         3
e - Airstrike             Air            6%         N/A       47%         4

Your spell library contained the following spells:

 Spells                   Type           Power      Damage    Failure   Level
 Searing Ray              Conj           34%        2d5       4%          2
 Ensorcelled Hibernation  Hex/Ice        20%        N/A       9%          2
 Passwall                 Tmut/Erth      3%         N/A       17%         2
 Sublimation of Blood     Necr           4%         N/A       17%         2
 Wereblood                Tmut           4%         N/A       17%         2
 Confusing Touch          Hex            17%        N/A       10%         3
 Summon Lightning Spire   Summ/Air       8%         N/A       58%         4
 Lightning Bolt           Conj/Air       7%         1d19      75%         5
 Yara's Violent Unravell  Hex/Tmut       5%         3d4       86%         5
 Alistair's Intoxication  Tmut/Pois      2%         N/A       97%         5
 Enfeeble                 Hex            8%         N/A       100%        7
 Summon Hydra             Summ           2%         N/A       100%        7


Dungeon Overview and Level Annotations

Branches:
Dungeon (8/15)             Temple (1/1) D:5         Ossuary (visited)
   Lair: D:8-11

Annotations:
D:6 exclusion: upstairs


Innate Abilities, Weirdness & Mutations

You have an increased reservoir of magic. (+10% MP)
You shall have no god before yourself.
Your divine heritage dramatically boosts your attributes as you level up.


Message History

Your +3 spectral quarterstaff completely misses the polar bear.
The polar bear barely misses you. The polar bear claws you.
* * * LOW HITPOINT WARNING * * *
The polar bear claws you but does no damage.
The polar bear bites you.
* * * LOW HITPOINT WARNING * * *
The polar bear claws you.
* * * LOW HITPOINT WARNING * * *
The polar bear barely misses you.
You barely miss the polar bear.
The polar bear is heavily wounded.
Your +3 spectral quarterstaff hits the polar bear!
The polar bear goes berserk!
Unknown command.
You completely miss the polar bear.
The polar bear is severely wounded.
Your +3 spectral quarterstaff hits the polar bear.
The polar bear bites your +3 spectral quarterstaff!
Your spectral weapon shares its damage with you!
* * * LOW HITPOINT WARNING * * *
The polar bear claws your +3 spectral quarterstaff but does no damage.
The polar bear completely misses your +3 spectral quarterstaff.
The polar bear bites your +3 spectral quarterstaff.
Your spectral weapon shares its damage with you!
* * * LOW HITPOINT WARNING * * *
The polar bear closely misses your +3 spectral quarterstaff.
The polar bear barely misses your +3 spectral quarterstaff.
You hit the polar bear but do no damage.
The polar bear is severely wounded.
Your +3 spectral quarterstaff barely misses the polar bear.
The polar bear bites you!!
* * * LOW HITPOINT WARNING * * *
The polar bear closely misses you. x2; The polar bear misses you.
The polar bear closely misses you. The polar bear claws you.
* * * LOW HITPOINT WARNING * * *
You sock the polar bear!
The polar bear is almost dead.
Your +3 spectral quarterstaff hits the polar bear!
The polar bear bites you!!
You die...

# # # # ## #. ####### #.
##########.§..(##############g
#......(.....@h...............
##.########.....###########....
#
#..........#....###########.###
# #..#######..................#
# ###..#
#.......###########.### .....#
#........# #...#.... ###.##
####...#.##.### #........ #
#.####.............## #...##+##
# #...........≈≈.≈≈...####.##


You could see a polar bear (berserk) and a friendly +3 spectral quarterstaff
(summoned).

Vanquished Creatures
  6 yaks
  A steam dragon (D:8)
  3 water moccasins
  2 orc warriors (D:8)
  3 ice beasts
  2 necrophages (D:6)
  A wolf (D:7)
  A phantom (D:4)
  A bullfrog (D:5)
  A scorpion (D:4)
  8 wights
  2 electric eels (D:8)
  A howler monkey (D:4)
  5 orc priests
  2 hounds
  2 jellies
  4 iguanas
  4 orc wizards
  2 killer bee zombies
  2 centaur simulacra (D:8)
  A mummy (Ossuary)
  Robin (D:4)
  2 gnolls (D:8)
  4 adders
  2 shadow imps
  A white imp (D:6)
  2 ufetubi
  A worm (D:4)
  4 dart slugs
  21 orcs
  6 spectral bats (Ossuary)
  7 ball pythons
  5 bat simulacra (Ossuary)
  2 endoplasms (D:1)
  6 giant cockroaches
  12 gnoll zombies (Ossuary)
  19 goblins
  11 hobgoblins
  2 kobolds
  6 bats
  3 frilled lizards
  2 goblin simulacra (Ossuary)
  3 goblin zombies (Ossuary)
  3 hobgoblin zombies (Ossuary)
  4 kobold simulacra (Ossuary)
  7 kobold zombies (Ossuary)
  5 orc zombies (Ossuary)
  9 rats
  4 rat simulacra (Ossuary)
  3 spectral goblins (Ossuary)
  2 spectral kobolds (Ossuary)
  2 spectral rats (Ossuary)
215 creatures vanquished.

Vanquished Creatures (others)
  A plant (D:3)
1 creature vanquished.

Grand Total: 216 creatures vanquished

Notes
Turn   | Place    | Note
-------+----------+-------------------------------------------
     0 | D:1      | pkoi the Demigod Artificer began the quest for the Orb.
     0 | D:1      | Reached XP level 1. HP: 15/15 MP: 3/3
   118 | D:1      | Reached skill level 1 in Fighting
   118 | D:1      | Reached skill level 1 in Dodging
   473 | D:1      | Reached XP level 2. HP: 10/23 MP: 4/4
   723 | D:1      | Reached skill level 3 in Evocations
  2289 | D:2      | Reached skill level 1 in Unarmed Combat
  2327 | D:2      | Reached XP level 3. HP: 26/28 MP: 5/5
  4276 | D:4      | Noticed Robin
  4293 | D:4      | Reached XP level 4. HP: 36/36 MP: 6/6
  5081 | D:4      | Reached skill level 4 in Evocations
  5088 | D:4      | Reached XP level 5. HP: 37/41 MP: 7/7
  5219 | D:4      | Killed Robin
  5591 | D:4      | Reached XP level 6. HP: 50/50 MP: 8/8
  5778 | D:5      | Entered Level 5 of the Dungeon
  5829 | D:5      | Learned a level 1 spell: Apportation
  6135 | D:5      | Found a sand-covered staircase.
  6146 | D:5      | Reached skill level 1 in Translocations
  6149 | Ossuary  | Entered an ossuary
  6633 | D:5      | Reached skill level 1 in Spellcasting
  6633 | D:5      | Reached XP level 7. HP: 53/57 MP: 11/11
  6726 | D:5      | Learned a level 1 spell: Magic Dart
  6957 | D:5      | Found a staircase to the Ecumenical Temple.
  7141 | Temple   | Entered the Ecumenical Temple
  7403 | D:6      | Reached skill level 5 in Evocations
  7407 | D:5      | Noticed a rust devil
  7407 | D:5      | Noticed a rust devil
  7655 | D:6      | Reached skill level 1 in Conjurations
  7987 | D:6      | Learned a level 4 spell: Fulminant Prism
  8030 | D:6      | Identified the +1 ring mail of Axzy {Int+4}
  8081 | D:6      | Noticed a yak
  8110 | D:6      | Killed a yak
  8111 | D:6      | Reached XP level 8. HP: 20/64 MP: 12/14
  8404 | D:6      | Noticed a boulder beetle
  9228 | D:7      | Reached skill level 1 in Hexes
 10882 | D:6      | Reached XP level 9. HP: 54/72 MP: 16/16
 11102 | D:7      | Reached skill level 6 in Evocations
 11315 | D:7      | Identified the +1 robe of Kleptomania {Slay+3}
 11338 | D:7      | Learned a level 3 spell: Swiftness
 11686 | D:8      | Reached skill level 1 in Air Magic
 11795 | D:8      | Learned a level 4 spell: Airstrike
 12298 | D:8      | HP: 2/68 [wight/+0 halberd (11)]
 12908 | D:8      | Mangled by a polar bear

Illustrated notes

Levels and vault maps discovered:
D:1:      amcnicky_arrival_single_pillar, layout_loops_corners,
          dilly_ecumenical_altar_fadedgnrine, st_stairs_13
D:2:      layout_loops_cross, serial_glass, glass_columns_a, glass_columns_b,
          glass_columns_c, glass_columns_a, glass_columns_a, glass_columns_b,
          glass_columns_b, glass_columns_a, dk_noncrumbling_4
D:3:      cheibrodos_old_hovel, layout_basic
D:4:      layout_cave_pools, cheibriados_altar_1, uniq_robin
D:5:      cheibrodos_iron_armory, layout_cave_pools,
          minmay_temple_entry_enclosed_plants, enter_ossuary_1
D:6:      cheibrodos_two_vegetables, layout_loops_ring, zin_academy,
          chequers_temple_overflow_statue_of_worship
D:7:      layout_basic, minmay_fractal_squares_diagonal_5
D:8:      layout_loops_ring, mainiacjoe_overflow_big_doors,
          mainiacjoe_overflow_small_starburst, mainiacjoe_overflow_divided_tiny,
          serial_ice, serial_ice_n, serial_ice_m, serial_ice_e, serial_ice_f,
          serial_ice_l, hangedman_abyss_or_decor_lesser_grid, uniq_psyche
Temple:   minmay_temple_curvy_loop

Skill      XL: |  1  2  3  4  5  6  7  8  9 |
---------------+----------------------------+-----
Fighting       | 1 2 3 4 |  4.8
Dodging        | 1 2 3 4 |  4.9
Evocations     | 3 4 5 6 |  6.7
Unarmed Combat | 1 2 3 4 |  4.7
Translocations | 1 2 3 |  3.0
Spellcasting   | 1 2 3 |  3.5
Conjurations   | 1 2 3 |  3.0
Hexes          | 2 3 |  3.0
Air Magic      | 1 |  1.7
Armour         | |  1.7
Stealth        | |  0.8

Action                   |  1- 3 |  4- 6 |  7- 9 || total
-------------------------+-------+-------+-------++-------
Melee: Dagger            |   156 |     5 |     8 ||   169
       Club              |     3 |       |       ||     3
       Punch             |     3 |       |       ||     3
       Quarterstaff      |     5 |   143 |   146 ||   294
 Cast: Apportation       |       |       |     2 ||     2
Evoke: Wand              |     2 |       |     3 ||     5
  Use: Potion            |     6 |       |       ||     6
       Scroll            |     6 |     4 |    11 ||    21
 Stab: Sleeping          |     5 |     1 |     1 ||     7
       Distracted        |       |     3 |     5 ||     8
Armor: Leather armour    |    38 |    32 |    16 ||    86
       Robe              |       |       |    12 ||    12
Dodge: Dodged            |    98 |    90 |   119 ||   307
